 Dungeon Crawl Stone Soup version 0.25-a0-316-gd28d56f9c5 (webtiles) character file.

Game seed: 10248948228222137296, levelgen mode: classic

13171 Borgoz the Basher (level 12, -3/77 HPs)
             Began as a Gargoyle Fighter on Dec 24, 2019.
             Was a Believer of Ashenzari.
             Slain by Jorgrun
             ... wielding a +0 quarterstaff of crushing
              (14 damage)
             ... on level 12 of the Dungeon.
             The game lasted 00:27:04 (11887 turns).

Borgoz the Basher (Gargoyle Fighter)               Turns: 11887, Time: 00:27:05

Health: -3/77      AC: 21    Str: 25    XL:     12   Next: 3%
Magic:  12/12      EV: 13    Int: 12    God:    Ashenzari [**....]
Gold:   703        SH:  5    Dex: 12    Spells: 11/11 levels left

rFire    + . .     SeeInvis .   a - +0 flail (crush)
rCold    . . .     Gourm    .   C - +0 buckler
rNeg     + . .     Faith    .   H - +0 steam dragon scales
rPois    ∞         Spirit   .   y - +0 hat {Int+3}
rElec    +         Reflect  .   t - scarf {repulsion}
rCorr    .         Harm     .   g - +2 pair of gloves {Str+3}
MR       +....                  n - +0 pair of boots
Stlth    +.........             (no amulet)
HPRegen  0.22/turn              K - ring of protection from fire
MPRegen  0.13/turn              I - ring of protection from magic

@: grasped by roots, constricted, repel missiles
A: negative energy resistance 1, electricity resistance, unbreathing,
petrification resistance, rot immunity, AC +8
a: Curse Item, Scrying, Renounce Religion


You were on level 12 of the Dungeon.
You worshipped Ashenzari.
Ashenzari was pleased with you.
You were not hungry.

You visited 2 branches of the dungeon, and saw 13 of its levels.

You collected 841 gold pieces.
You spent 138 gold pieces at shops.

Inventory:

Hand Weapons
 a - a +0 flail of crushing (weapon)
 b - a +6 hand axe of electrocution
 p - a +3 dire flail of freezing
Armour
 c - a +0 shield
 g - a +2 pair of gloves of strength (worn)
 n - a +0 pair of boots (worn)
 s - the +0 pair of gloves of the Nine Seas {rPois Str+2 Int+3}
   (You found it on level 5 of the Dungeon)

   It affects your strength (+2).
   It affects your intelligence (+3).
   It protects you from poison.
 t - a scarf of repulsion (worn)
 y - a +0 hat of intelligence (worn)
 A - a +0 plate armour
 C - a +0 buckler (worn)
 H - +0 steam dragon scales (worn)
Jewellery
 d - an uncursed ring of protection from cold
 v - an uncursed ring of resist corrosion
 D - a +4 ring of intelligence
 I - a ring of protection from magic (right hand)
 K - a ring of protection from fire (left hand)
Wands
 h - a wand of clouds (4)
 i - a wand of flame (18)
 k - a wand of polymorph (6)
 B - a wand of random effects (11)
Scrolls
 e - 4 scrolls of teleportation
 l - 3 scrolls of amnesia
 m - 3 scrolls of fog
 o - 5 scrolls of fear
 u - a scroll of enchant armour
 z - 2 scrolls of remove curse
 F - 3 scrolls of blinking
 G - a scroll of enchant weapon
 J - a scroll of acquirement {unknown}
Potions
 j - 4 potions of brilliance
 q - a potion of haste
 r - 3 potions of curing
 w - 4 potions of flight {unknown}
 x - a potion of cancellation
Comestibles
 f - 21 rations
 L - 4 chunks of flesh


   Skills:
 + Level 10.2 Fighting
 * Level 10.3 Maces & Flails
 + Level 10.2 Armour
 * Level 8.1 Dodging
 - Level 5.0 Shields


You had 11 spell levels left.
You didn't know any spells.
Your spell library contained the following spells:

 Spells                   Type           Power        Failure   Level  Hunger
 Beastly Appendage        Tmut           #.....       32%         1    ##.....
 Foxfire                  Conj/Fire      #...         32%         1    ##.....
 Sticks to Snakes         Tmut           #.......     45%         2    ###....
 Conjure Flame            Conj/Fire      #.......     69%         3    ####...
 Inner Flame              Hex/Fire       #.......     69%         3    ####...
 Spider Form              Tmut/Pois      #.........   69%         3    ####...
 Ice Form                 Ice/Tmut       #.......     97%         4    #####..
 Sticky Flame             Conj/Fire      #.......     97%         4    #####..
 Blade Hands              Tmut           #.........   100%        5    ######.
 Fireball                 Conj/Fire      #.........   100%        5    ######.


Dungeon Overview and Level Annotations

Branches:
Dungeon (12/15)            Temple (1/1) D:6            Lair (0/6) D:11
    Orc (0/2) D:9

Altars:
Ashenzari
Cheibriados
Dithmenos
Elyvilon
Fedhas
Gozag
Hepliaklqana
Kikubaaqudgha
Makhleb
Nemelex Xobeh
Okawaru
Qazlal
Ru
Sif Muna
Trog
Uskayaw
Vehumet
Wu Jian
Xom
Yredelemnul
Zin
The Shining One

Shops:
D:6 (

Annotations:
D:12 Jorgrun


Innate Abilities, Weirdness & Mutations

You are resistant to torment.
Your stone body is resilient. (AC +8)
You are immune to poison.
You resist negative energy. (rN+)
You are resistant to electric shocks. (rElec)
You can survive without breathing.
You are immune to petrification.
You are immune to rotting.


Message History

The grasping roots constrict you.
The orc wizard points at you and mumbles some strange words.
The magic dart hits you but does no damage.
The orc barely misses you. x2
Evoke which item? (* to show all) (? for menu, Esc to quit)
Aiming: Cloud Cone
Press: ? - help, Dir - move target cursor, f - Jorgrun
Aim: Jorgrun, wielding a +0 quarterstaff of crushing and wearing a +0 robe (heavily wounded)
You create a blast of flame!
The orc wizard is engulfed in blazing flames.
The orc wizard casts a spell at you.
The magic dart hits you but does no damage.
Jorgrun is engulfed in blazing flames.
Jorgrun barely misses you. The grasping roots constrict you.
The orc misses you.
The orc wizard is engulfed in blazing flames.
You kill the orc wizard!
The orc closely misses you.
You closely miss the orc.
Jorgrun is engulfed in blazing flames.
Jorgrun hits you with a +0 quarterstaff of crushing!
You die...

....................(#
.....................#
.....................#
####..##############.#
#..# #.# #.. #.# * #.#
###########.#
,......o@§...# ,
......o§g§§.#
........§§§§#
........§§§§#
.........§§§# *
............# ,
............#
............#


You could see Jorgrun and 2 orcs.

Vanquished Creatures
  Gastronok (D:9)
  Harold (D:7)
  An unseen horror (D:11)
  2 ugly things
  Joseph (D:8)
  2 hornets (D:8)
  Grinder (D:3)
  A hippogriff (D:12)
  The ghost of Eptagon the Skirmisher, an amateur GrBe of Trog (D:4)
  2 wraiths
  7 yaks
  3 hungry ghosts
  A steam dragon (D:10)
  Menkaure (D:6)
  A soldier ant (D:8)
  A water moccasin (D:10)
  An acid dragon (D:11)
  8 orc warriors
  2 sky beasts
  A black bear (D:9)
  2 phantoms
  4 ogres
  4 ice beasts
  2 centaurs
  3 big kobolds
  4 bullfrogs
  4 scorpions
  4 killer bees (D:9)
  6 wights
  4 howler monkeys
  2 quasits (D:11)
  A centaur zombie (D:11)
  3 bullfrog zombies
  7 crimson imps
  5 jellies
  A hound (D:6)
  13 orc priests
  Crazy Yiuf (D:4)
  3 centaur skeletons
  13 orc wizards
  3 bullfrog skeletons
  3 iguanas
  10 worker ants
  2 hound zombies
  A hound skeleton (D:7)
  A worker ant zombie (D:6)
  12 gnolls
  14 adders
  5 shadow imps
  2 oozes
  2 adder skeletons
  2 adder zombies
  3 worms
  4 dart slugs
  4 leopard geckos
  53 orcs
  4 bats
  8 giant cockroaches
  9 goblins
  8 hobgoblins
  11 jackals
  15 kobolds
  7 quokkas
  A ball python (D:1)
  5 frilled lizards
  A jackal skeleton (D:7)
  A leopard gecko skeleton (D:4)
  A leopard gecko zombie (D:5)
  2 quokka skeletons (D:6)
  6 rats
325 creatures vanquished.

Notes
Turn   | Place    | Note
-------+----------+-------------------------------------------
     0 | D:1      | Borgoz the Gargoyle Fighter began the quest for the Orb.
     0 | D:1      | Reached XP level 1. HP: 14/14 MP: 1/1
   146 | D:1      | Reached XP level 2. HP: 13/19 MP: 2/2
   352 | D:1      | Reached XP level 3. HP: 22/23 MP: 3/3
  1141 | D:2      | Reached XP level 4. HP: 29/29 MP: 4/4
  1521 | D:3      | Noticed Grinder
  1531 | D:3      | Killed Grinder
  1531 | D:3      | Reached skill level 1 in Dodging
  1531 | D:3      | Reached XP level 5. HP: 9/34 MP: 5/5
  1531 | D:3      | Reached XP level 6. HP: 10/39 MP: 6/6
  2400 | D:3      | Found a sparkling altar of Nemelex Xobeh.
  2748 | D:4      | Reached XP level 7. HP: 19/44 MP: 7/7
  2937 | D:4      | Found a transporter.
  2942 | D:4      | Noticed a hungry ghost
  2942 | D:4      | Noticed Eptagon's ghost (amateur GrBe)
  3150 | D:4      | Found a transporter.
  3345 | D:4      | Found a runed translucent door.
  3346 | D:4      | Noticed Crazy Yiuf
  3356 | D:4      | Killed Crazy Yiuf
  3453 | D:5      | Entered Level 5 of the Dungeon
  3517 | D:4      | Reached skill level 5 in Fighting
  3517 | D:4      | Reached skill level 5 in Armour
  3754 | D:4      | Reached skill level 5 in Maces & Flails
  3929 | D:5      | Reached XP level 8. HP: 49/49 MP: 8/8
  4163 | D:5      | Got a pair of crude gloves
  4182 | D:5      | Identified the cursed +0 pair of gloves of the Nine Seas
                  | {rPois Str+2 Int+3} (You found it on level 5 of the
                  | Dungeon)
  4328 | D:5      | Found a snail-covered altar of Cheibriados.
  4664 | D:6      | Found Noleom's Antique Weapon Emporium.
  4701 | D:6      | Bought a glowing mace for 138 gold pieces
  4995 | D:6      | Reached XP level 9. HP: 51/55 MP: 9/9
  5136 | D:6      | Noticed Menkaure
  5146 | D:6      | Killed Menkaure
  5445 | D:6      | Found a shattered altar of Ashenzari.
  5575 | D:6      | Found a staircase to the Ecumenical Temple.
  5581 | Temple   | Entered the Ecumenical Temple
  5737 | D:6      | Became a worshipper of Ashenzari the Shackled
  5811 | D:7      | Found a shimmering blue altar of Sif Muna.
  5932 | D:7      | Reached skill level 5 in Dodging
  5999 | D:7      | Found an ancient bone altar of Kikubaaqudgha.
  6004 | D:7      | Found a transporter.
  6032 | D:7      | Found a transporter.
  6032 | D:7      | Found a basalt altar of Yredelemnul.
  6383 | D:7      | Found a blossoming altar of Fedhas.
  6495 | D:7      | Noticed Harold
  6528 | D:7      | Killed Harold
  6831 | D:8      | Noticed Joseph
  6853 | D:8      | Killed Joseph
  6853 | D:8      | Reached XP level 10. HP: 60/63 MP: 10/10
  7130 | D:8      | Found a shadowy altar of Dithmenos.
  7447 | D:8      | Found a sparkling altar of Nemelex Xobeh.
  7667 | D:8      | Reached skill level 5 in Shields
  7900 | D:9      | Reached * piety under Ashenzari
  8150 | D:9      | Noticed Gastronok
  8175 | D:9      | Killed Gastronok
  8182 | D:9      | Reached XP level 11. HP: 38/69 MP: 11/11
  8726 | D:9      | Found a staircase to the Orcish Mines.
  8894 | D:10     | Entered Level 10 of the Dungeon
  8995 | D:10     | Noticed a white ugly thing
  9033 | D:9      | Killed a white ugly thing
  9369 | D:4      | Killed Eptagon's ghost
 10157 | D:11     | Found a staircase to the Lair.
 10292 | D:11     | Noticed a green ugly thing
 10314 | D:11     | Killed a green ugly thing
 10498 | D:11     | Reached skill level 10 in Fighting
 10650 | D:10     | Reached skill level 10 in Maces & Flails
 10652 | D:10     | Reached skill level 10 in Armour
 10678 | D:10     | Reached ** piety under Ashenzari
 11416 | D:11     | Killed an unseen horror
 11767 | D:12     | Reached XP level 12. HP: 77/77 MP: 12/12
 11845 | D:12     | Noticed Jorgrun
 11887 | D:12     | Slain by Jorgrun

Levels and vault maps discovered:
D:1:      dpeg_arrival_court, layout_basic, minmay_domino_4
D:2:      layout_loops_ring
D:3:      layout_loops_corners, nemelex_xobeh_ov_fountains_minmay, first_ration,
          grunt_ministairs_6, uniq_grinder
D:4:      layout_basic, gammafunk_ghost_mausoleum, uniq_crazy_yiuf_cottage
D:5:      layout_cave_pools, kennysheep_slug_shrine, minmay_circle_x
D:6:      layout_loops_ring, overflow_temple_1_default,
          minmay_temple_entry_proselytizer, serial_shops, shop_fountains,
          dk_rats_in_the_wall, uniq_menkaure
D:7:      layout_rooms, gammafunk_temple_of_torment, fedhas_altar_fruit_tree,
          overflow_temple_1_default, uniq_harold
D:8:      layout_layer_cave, old_standard_altar, hangedman_pestilent_swarm,
          nemelex_dance_club_becter, uniq_joseph
D:9:      layout_cave_pools, orc_0_dummy, uniq_gastronok
D:10:     layout_roguey
D:11:     layout_roguey, lair_entry_dummy, st_stairs_14
D:12:     layout_long_grid, kennysheep_cross_room, minmay_crystal_water,
          uniq_jorgrun, uniq_nessos
Temple:   eino_temple_water

Skill      XL: |  1  2  3  4  5  6  7  8  9 10 11 |
---------------+----------------------------------+-----
Fighting       | 4 5 6 7 8 10 | 10.2
Maces & Flails | 3 4 5 6 8 9 10 | 10.3
Armour         | 4 5 6 7 8 10 | 10.2
Dodging        | 1 2 3 4 5 6 8 |  8.1
Shields        | 4 5 |  5.0

Action                   |  1- 3 |  4- 6 |  7- 9 | 10-12 || total
-------------------------+-------+-------+-------+-------++-------
Melee: Flail             |   117 |   122 |    29 |   613 ||   881
       Mace              |       |       |   560 |   125 ||   685
       Hand axe          |       |       |       |    34 ||    34
Throw: Throwing net      |       |       |     3 |     1 ||     4
Evoke: Wand              |       |       |       |     1 ||     1
  Use: Potion            |       |     2 |     4 |     6 ||    12
       Scroll            |       |     8 |     8 |     3 ||    19
 Stab: Held in net/web   |       |       |     2 |       ||     2
  Eat: Chunk             |     1 |     5 |     8 |    15 ||    29
       Ration            |       |       |     3 |     2 ||     5
Armor: Scale mail        |    62 |    65 |   169 |       ||   296
       Plate armour      |       |       |   160 |   236 ||   396
       Steam dragon scal |       |       |       |   207 ||   207
Dodge: Dodged            |    26 |    43 |   201 |   460 ||   730
       Deflected         |       |       |       |     1 ||     1
Block: Shield            |    53 |    65 |   209 |       ||   327
       Buckler           |       |       |    31 |   188 ||   219

Table legend:
 A = Non-vault XP
 B = Vault XP
 C = Vault XP percentage of total XP
 D = Non-vault monster count
 E = Vault monster count
 F = Vault count percentage of total count
                 A         B        C        D         E       F
            +---------+---------+-------+---------+---------+-------
      Total |   11985 |    6831 |  36.3 |     291 |      34 |  10.5
            +---------+---------+-------+---------+---------+-------
        D:1 |      54 |       4 |   6.9 |      25 |       3 |  10.7
        D:2 |      34 |       0 |   0.0 |      16 |       0 |   0.0
        D:3 |     138 |     286 |  67.5 |      22 |       3 |  12.0
        D:4 |     210 |     752 |  78.2 |       7 |       8 |  53.3
        D:5 |     478 |      45 |   8.6 |      19 |       3 |  13.6
        D:6 |    1051 |     206 |  16.4 |      26 |       2 |   7.1
        D:7 |     676 |    1304 |  65.9 |      23 |       6 |  20.7
        D:8 |     484 |    1373 |  73.9 |      15 |       7 |  31.8
        D:9 |    2533 |    2151 |  45.9 |      60 |       1 |   1.6
       D:10 |    2662 |       0 |   0.0 |      35 |       0 |   0.0
       D:11 |    2866 |     710 |  19.9 |      34 |       1 |   2.9
       D:12 |     799 |       0 |   0.0 |       9 |       0 |   0.0
            +---------+---------+-------+---------+---------+-------
